 Dungeon Crawl Stone Soup version 0.24-a0-537-g2d01d4ab0a (webtiles) character file.

Game seed: 4001988313194358334

122166 Flugkiller the Nimble (level 16, -1/112 HPs)
             Began as an Octopode Conjurer on Aug 9, 2019.
             Was the Champion of Ru.
             Slain by a seven-headed hydra (4 damage)
             ... on level 4 of the Swamp on Aug 12, 2019.
             The game lasted 02:14:52 (48726 turns).

Flugkiller the Nimble (Octopode Conjurer)          Turns: 48726, Time: 02:14:53

Health: -1/112     AC:  1    Str:  8    XL:     16   Next: 87%
Magic:  7/30       EV: 20    Int: 23    God:    Ru [******]
Gold:   2529       SH: 11    Dex: 16    Spells: 0/35 levels left

rFire    . . .     SeeInvis +   L - +0 demon trident (venom)
rCold    x x .     Gourm    .   n - +0 buckler {rN+}
rNeg     + + .     Faith    .   (helmet restricted)
rPois    +         Spirit   .   Y - +6 amulet of reflection
rElec    .         Reflect  +   p - ring of see invisible
rCorr    .         Harm     .   t - ring of poison resistance
MR       ++...                  v - ring of wizardry
Stlth    ..........             f - ring of fire
HPRegen  0.28/turn              O - +3 ring of dexterity
MPRegen  0.22/turn              W - ring of protection from magic
                                D - ring of positive energy
                                (no ring)

@: exhausted, no potions, very slightly contaminated, heavily drained
A: almost no armour, stealthy swim, amphibious, 8 rings, constrict 8, camouflage
1, gelatinous body 1, inability to drink while threatened, no stealth,
inexperienced 1, temperature sensitive
a: Draw Out Power, Power Leap, Apocalypse, Renounce Religion


You were on level 4 of the Swamp.
You worshipped Ru.
Ru was exalted by your worship.
You were very hungry.

You visited 5 branches of the dungeon, and saw 28 of its levels.
You also visited: Sewer.

You collected 2676 gold pieces.
You spent 147 gold pieces at shops.

Inventory:

Hand Weapons
 L - a +0 demon trident of venom (weapon)
   (You took it off a red devil on level 6 of the Lair of Beasts)
Missiles
 e - 11 throwing nets
 i - 42 poisoned darts
 k - 904 stones
 F - 23 curare-tipped darts (quivered)
Armour
 l - a +2 shield
   (You took it off a vault guard on level 14 of the Dungeon)
 n - a +0 buckler of positive energy (worn)
   (You acquired it on level 2 of the Swamp)
Jewellery
 b - an uncursed amulet of rage
   (You found it on level 1 of the Dungeon)
 f - a ring of fire (on tentacle)
   (You found it on level 12 of the Dungeon)
 p - a ring of see invisible (left tentacle)
   (You found it on level 2 of the Dungeon)
 t - a ring of poison resistance (right tentacle)
   (You took it off a kobold on level 3 of the Dungeon)
 v - a ring of wizardry (on tentacle)
   (You found it on level 4 of the Dungeon)
 B - the ring of Ypsod {Fire *Corrode rElec Str+7 Dex+2}
   (You found it on level 5 of the Dungeon)

   [ring of fire]

   It enhances your fire magic.
   It affects your strength (+7).
   It affects your dexterity (+2).
   It protects you from fire.
   It makes you vulnerable to cold.
   It insulates you from electricity.
   It may corrode you when you take damage.
 D - a ring of positive energy (on tentacle)
   (You found it on level 4 of the Swamp)
 G - an uncursed amulet of regeneration
   (You found it on level 7 of the Dungeon)
 O - a +3 ring of dexterity (on tentacle)
   (You found it on level 12 of the Dungeon)
 V - an uncursed amulet of guardian spirit
   (You found it on level 5 of the Lair of Beasts)
 W - a ring of protection from magic (on tentacle)
   (You found it on level 3 of the Swamp)
 Y - a +6 amulet of reflection (around mantle)
   (You took it off a spriggan druid on level 3 of the Swamp)
Wands
 s - a wand of flame (29)
   (You found it on level 3 of the Dungeon)
 K - a wand of acid (20)
   (You took it off an orc wizard on level 9 of the Dungeon)
 N - a wand of paralysis (14)
   (You found it on level 9 of the Dungeon)
 P - a wand of iceblast (1)
   (You found it on level 1 of the Lair of Beasts)
 Q - a wand of enslavement (7)
   (You found it on level 1 of the Lair of Beasts)
Scrolls
 a - 4 scrolls of amnesia
 h - 8 scrolls of remove curse
 q - 9 scrolls of teleportation
 u - 3 scrolls of enchant weapon
 y - a scroll of summoning
 E - 3 scrolls of fog
 H - 2 scrolls of immolation
 M - a scroll of enchant armour
 R - a scroll of vulnerability
 T - a scroll of magic mapping
 U - 3 scrolls of identify
Potions
 d - a potion of invisibility
 g - 3 potions of flight
 j - 5 potions of ambrosia
 m - 6 potions of might
 o - 4 potions of haste
 w - 5 potions of brilliance
 x - 12 potions of curing
 z - a potion of resistance
 A - 4 potions of mutation
 C - 6 potions of heal wounds
 I - 2 potions of cancellation
 J - 3 potions of magic
Comestibles
 c - 28 rations


   Skills:
 - Level 11.0(8.1) Fighting
 - Level 8.0(5.3) Polearms
 + Level 12.8(9.8) Dodging
 - Level 6.8(4.2) Shields
 - Level 10.0(7.2) Spellcasting
 - Level 12.0(9.0) Conjurations
 + Level 6.5(4.0) Hexes
 - Level 4.0(1.6) Summonings
 - Level 12.0(9.0) Necromancy
 - Level 4.0(1.6) Air Magic
 - Level 6.0(3.4) Earth Magic
 - Level 5.0(2.5) Evocations


You couldn't memorise any spells.
You knew the following spells:

 Your Spells              Type           Power        Failure   Level  Hunger
a - Magic Dart            Conj           ####         1%          1    None
b - Conjure Flame         Conj/Fire      #####...     1%          3    None
c - Animate Dead          Necr           N/A          1%          4    ###....
d - Iskenderun's Mystic   Conj           ######..     1%          4    ###....
e - Borgnjor's Vile Clut  Necr/Erth      #####.....   6%          5    #####..
f - Bolt of Draining      Conj/Necr      #####.....   1%          5    #####..
g - Summon Lightning Spi  Summ/Air       ###.....     16%         4    ###....
h - Summon Butterflies    Summ           ###.....     1%          1    None
i - Invisibility          Hex            ####....     63%         6    ######.
r - Blink                 Tloc           N/A          4%          2    None

Your spell library contained the following spells:

 Spells                   Type           Power        Failure   Level  Hunger
 Corona                   Hex            ####...      1%          1    None
 Summon Small Mammal      Summ           ###.         1%          1    None
 Corpse Rot               Necr           N/A          1%          2    None
 Ensorcelled Hibernation  Hex/Ice        ###...       1%          2    None
 Searing Ray              Conj           ######       1%          2    None
 Slow                     Hex            ####....     1%          2    None
 Sublimation of Blood     Necr           #####.....   1%          2    None
 Confuse                  Hex            ####....     1%          3    None
 Dazzling Spray           Conj/Hex       #####.       1%          3    None
 Tukima's Dance           Hex            ####....     1%          3    None
 Fulminant Prism          Conj/Hex       #####.....   1%          4    ###....
 Agony                    Necr           #####...     1%          5    #####..
 Dispel Undead            Necr           #####...     1%          5    #####..
 Call Imp                 Summ           ###.....     2%          2    None
 Mephitic Cloud           Conj/Pois/Air  ###.....     2%          3    None
 Summon Guardian Golem    Hex/Summ       ###.....     2%          3    None
 Apportation              Tloc           #.....       3%          1    None
 Shroud of Golubria       Chrm/Tloc      #.....       4%          2    None
 Call Canine Familiar     Summ           ###.....     4%          3    None
 Force Lance              Conj/Tloc      ####....     4%          4    ###....
 Recall                   Summ/Tloc      N/A          6%          3    None
 Gell's Gravitas          Tloc           #.........   9%          3    None
 Lesser Beckoning         Tloc           #.........   9%          3    None
 Teleport Other           Tloc           #.......     9%          3    None
 Death Channel            Necr           #####.....   12%         6    ######.
 Excruciating Wounds      Chrm/Necr      ####......   13%         5    #####..
 Summon Ice Beast         Ice/Summ       ##......     21%         4    ###....
 Passage of Golubria      Tloc           N/A          28%         4    ###....
 Simulacrum               Ice/Necr       ####......   56%         6    ######.
 Alistair's Intoxication  Tmut/Pois      #.......     61%         5    #####..


Dungeon Overview and Level Annotations

Branches:
Dungeon (15/15)            Temple (1/1) D:7            Lair (6/6) D:9
  Swamp (4/4) Lair:4       Spider (0/4) Lair:3        Slime (0/5) Lair:5
    Orc (2/2) D:9             Elf (0/3) Orc:2        Vaults (0/5) D:14
 Depths (0/5) D:15

Altars:
Ashenzari
Cheibriados
Dithmenos
Elyvilon
Fedhas
Hepliaklqana
Kikubaaqudgha
Makhleb
Nemelex Xobeh
Okawaru
Qazlal
Ru
Sif Muna
Trog
Vehumet
Wu Jian
Xom
Yredelemnul
Zin
The Shining One
Beogh

Shops:
D:9 ?   D:11 [   Orc:2 ([*

Portals:
Hell: Lair:6

Annotations:
D:2 exclusion: ogre
D:7 exclusion: two-headed ogre
D:8 Erica
D:9 3 runed translucent doors, tabo's ghost, amateur HOMo
D:13 2 runed translucent doors, TheNamelessOne's ghost, journeyman OpEE
Lair:1 exclusion: 3 oklob plants
Orc:2 1 runed translucent door, Torikoriko's ghost, journeyman TrHu


Innate Abilities, Weirdness & Mutations

You cannot wear most types of armour.
You are very stealthy in the water. (Stealth+)
You are amphibious.
You can wear up to eight rings at the same time.
You can use your tentacles to constrict eight enemies at once.
Your skin changes colour to match your surroundings (Stealth+).
Your rubbery body absorbs attacks. (AC +1, EV +1)
You cannot drink potions while threatened.
You cannot be stealthy.
You are somewhat inexperienced. (-2 XL)
You are sensitive to extremes of temperature. (rF-, rC-)


Message History

The seven-headed hydra bites your four-headed hydra zombie!
The seven-headed hydra bites your four-headed hydra zombie.
The seven-headed hydra bites your four-headed hydra zombie!
The seven-headed hydra bites your four-headed hydra zombie.
The seven-headed hydra bites your four-headed hydra zombie! x3
A bog body comes into view.
Your four-headed hydra zombie bites the seven-headed hydra.
Your four-headed hydra zombie bites the seven-headed hydra! x2
Your four-headed hydra zombie barely misses the seven-headed hydra.
You hear a crashing sound.
The spriggan rider hits your four-headed hydra zombie with a +0 spear!
The thorn hunter fires a volley of thorns at you.
The volley of thorns reflects off an invisible shield around you!
The volley of thorns hits the thorn hunter!!
Unknown command.
The seven-headed hydra bites your four-headed hydra zombie! x2
Your four-headed hydra zombie is destroyed!
The thorn hunter fires a volley of thorns at you.
The volley of thorns misses you.
Unknown command.
The thorn hunter hits the briar patch! x2
The briar patch is destroyed!
You hear a crashing sound.
The swamp drake breathes noxious fumes at you.
Unknown command.
The thorn hunter hits the briar patch!
The thorn hunter hits the briar patch.
You hear a crashing sound.
You redirect the swamp dragon's attack!
The swamp dragon bites the briar patch!
The briar patch is destroyed!
The swamp drake breathes noxious fumes at you.
You hear a roar!
Unknown command.
The spriggan rider is engulfed in noxious fumes.
The spriggan rider suddenly looks very angry at the Dungeon.
You hear a crashing sound.
Unknown command.
Unknown command.
The swamp drake begins to attack, but is stunned by your will!
Unknown command.
The spriggan rider seems less confused.
Unknown command.
You block the seven-headed hydra's attack.
The seven-headed hydra bites you but does no damage.
The seven-headed hydra bites you.
* * * LOW HITPOINT WARNING * * *
The seven-headed hydra bites you!
* * * LOW HITPOINT WARNING * * *
The seven-headed hydra bites you.
You die...

≈≈≈≈≈≈≈.♣
♣≈≈..k≈♣≈♣♣♣♣♣♣♣♣ ♣.≈
.≈≈≈≈≈≈.♣ ♣♣♣♣†....♣♣
♣♣♣
..≈≈≈≈..♣♣♣♣♣♣≈≈≈.≈≈(♣
♣≈.≈≈....≈♣♣≈.§≈≈..≈≈♣
.......fD.§≈.≈≈≈i≈..♣♣
...≈.≈≈§.≈≈≈.≈≈≈≈..≈♣
♣...≈≈≈..≈≈≈≈≈≈≈≈≈♣♣♣
♣♣≈≈..≈≈..≈≈.≈≈≈D.♣
♣≈≈≈≈.≈≈.......@♣♣
♣♣...♣.≈≈≈♣≈.♣♣♣♣♣
.....§.≈≈.♣♣♣♣
.≈≈.≈≈.≈≈.♣
♣..♣♣≈.≈♣♣♣ ♣♣♣ ♣♣♣♣


You could see a seven-headed hydra and a spriggan rider.

Vanquished Creatures
  A thorn hunter (Swamp:4)
  2 orc warlords (Orc:2)
  A dire elephant (Lair:6)
  A fire dragon (D:15)
  Harold (Lair:2)
  2 catoblepae
  6 vault guards
  2 shambling mangroves (Swamp:3)
  An ice dragon (D:15)
  10 hydras
  5 centaur warriors
  A death knight (D:12)
  2 two-headed ogres
  A tengu warrior (D:15)
  10 alligators
  A queen ant (Lair:1)
  2 orc high priests (Orc:2)
  Urug (D:13)
  A sun demon (Lair:6)
  Sonja (Orc:1)
  Nergalle (Lair:2)
  A spriggan druid (Swamp:3)
  5 unseen horrors
  2 swamp dragons
  A wizard (Lair:6)
  7 ugly things
  3 orc knights (Orc:2)
  2 deep elf magi (D:15)
  4 harpies (D:15)
  3 orc sorcerers (Orc:2)
  A wolf spider (Lair:3)
  A manticore (D:15)
  3 torpor snails
  6 black mambas
  5 gargoyles
  Joseph (D:10)
  5 elephants (Lair:6)
  Maurice (D:11)
  17 spiny frogs
  An orange demon (Lair:6)
  4 rime drakes
  7 komodo dragons
  A red devil (Lair:6)
  A hellwing (Lair:6)
  A freezing wraith (D:15)
  A tengu conjurer (D:15)
  A queen bee (D:9)
  3 trolls
  16 blink frogs
  8 hornets (Swamp:3)
  A blink frog (shapeshifter) (D:15)
  A bog body (Lair:4)
  A jumping spider (Lair:3)
  17 slime creatures
  13 tyrant leeches
  8 hippogriffs
  7 dream sheep (Lair:6)
  7 spriggans
  3 wraiths
  A shadow (Swamp:2)
  3 wyverns
  2 redbacks (Lair:3)
  2 humans (D:8)
  41 yaks
  6 basilisks
  4 hungry ghosts
  27 vampire mosquitoes
  12 insubstantial wisps
  A warg (Orc:1)
  17 swamp worms
  8 soldier ants
  An acid dragon (D:12)
  8 water moccasins
  A floating eye (Lair:1)
  8 porcupines
  3 hell hounds (Lair:6)
  28 orc warriors
  6 sky beasts
  6 swamp drakes
  2 ice beasts
  2 black bears
  9 ogres
  2 eyes of draining
  2 phantoms
  7 wolves
  5 crocodiles
  10 centaurs
  2 big kobolds
  17 bullfrogs
  A gnoll sergeant (D:10)
  A wyvern skeleton (D:14)
  6 scorpions
  22 killer bees
  7 electric eels
  12 wights
  A quasit (D:5)
  5 crimson imps
  2 bullfrog zombies
  8 hounds
  14 jellies
  2 bullfrog skeletons
  3 centaur skeletons
  20 orc priests
  15 orc wizards
  2 iguanas
  25 worker ants
  7 gnolls
  18 adders
  6 river rats
  3 shadow imps
  2 oozes
  2 adder zombies
  4 worms
  An adder skeleton (D:4)
  A dart slug (D:3)
  10 leopard geckos
  65 orcs
  15 ball pythons
  9 giant cockroaches
  10 goblins
  7 hobgoblins
  21 jackals
  5 quokkas
  6 bats
  8 frilled lizards
  20 kobolds
  A leopard gecko skeleton (D:4)
  28 rats
  9 fungi
  4 plants
874 creatures vanquished.

Vanquished Creatures (collateral kills)
  2 shambling mangroves (Swamp:2)
  A hydra (D:15)
  2 centaur warriors
  2 alligators
  2 tengu warriors (D:15)
  2 orc high priests (Orc:2)
  A spriggan druid (Swamp:3)
  A swamp dragon (Swamp:4)
  An orc sorcerer (Orc:1)
  An ugly thing (D:12)
  A cyclops (Orc:2)
  A manticore (D:12)
  A centaur zombie (D:14)
  2 centaur skeletons
  A gargoyle (D:14)
  A spiny frog (Swamp:3)
  A rime drake (Lair:6)
  2 ice devils (Lair:6)
  2 red devils (Lair:6)
  A tyrant leech (Swamp:1)
  5 trolls
  2 hornets
  A slime creature (Swamp:2)
  2 hippogriffs
  A spriggan (Swamp:3)
  A wraith (D:11)
  3 yaks
  A vampire mosquito (Swamp:2)
  2 hungry ghosts
  A warg (Orc:2)
  2 swamp worms
  3 insubstantial wisps
  5 orc warriors
  2 swamp drakes
  An ogre (D:11)
  2 crocodiles
  4 centaurs
  A bullfrog (D:14)
  A wyvern zombie (D:12)
  2 scorpions (D:12)
  5 wights
  3 crimson imps
  3 orc priests
  2 hounds
  A jelly (D:13)
  6 orc wizards
  3 gnolls (Orc:1)
  9 orcs
102 creatures vanquished.

Vanquished Creatures (others)
  Donald (Swamp:1)
  A two-headed ogre (D:14)
  3 alligators
  2 centaur skeletons
  A slime creature (D:12)
  A hippogriff (Lair:6)
  A swamp worm (Swamp:3)
  A wolf (D:8)
  2 centaurs (D:14)
  A crimson imp (D:12)
  An orc wizard (Orc:2)
  A worker ant (D:11)
  An orc (Orc:2)
  4 briar patches (Swamp:4)
  A bush (Lair:2)
  60 fulminant prisms
  9 fungi
  5 plants
96 creatures vanquished.

Grand Total: 1072 creatures vanquished

Notes
Turn   | Place    | Note
-------+----------+-------------------------------------------
     0 | D:1      | Flugkiller the Octopode Conjurer began the quest for the
                  | Orb.
     0 | D:1      | Reached XP level 1. HP: 11/11 MP: 3/3
     0 | D:1      | Upgraded the game from 0.24-a0-535-gbb0d440638 to
                  | 0.24-a0-536-gdd4cf15266
   374 | D:1      | Reached XP level 2. HP: 14/17 MP: 0/5
   699 | D:1      | Reached skill level 1 in Fighting
   749 | D:1      | Learned a level 2 spell: Searing Ray
  1093 | D:1      | Reached XP level 3. HP: 18/23 MP: 1/6
  1408 | D:2      | Noticed an ogre
  1477 | D:2      | Found a shadowy altar of Dithmenos.
  2147 | D:2      | Reached XP level 4. HP: 28/28 MP: 2/7
  2718 | D:2      | Found a burning altar of Makhleb.
  2718 | D:2      | Noticed a balrug
  2721 | D:2      | Noticed a ynoxinul
  2721 | D:2      | Noticed a hellwing
  2974 | D:3      | Learned a level 3 spell: Dazzling Spray
  3156 | D:3      | Reached skill level 5 in Conjurations
  3262 | D:3      | Reached XP level 5. HP: 33/33 MP: 0/9
  4210 | D:3      | Reached skill level 1 in Evocations
  4488 | D:4      | Noticed a phantom
  4576 | D:3      | Killed a phantom
  4576 | D:3      | Reached skill level 5 in Stealth
  4576 | D:3      | Reached XP level 6. HP: 30/38 MP: 0/10
  5170 | D:4      | Learned a level 4 spell: Iskenderun's Mystic Blast
  5694 | D:4      | Noticed a phantom
  5726 | D:4      | Killed a phantom
  5726 | D:4      | Reached XP level 7. HP: 30/43 MP: 1/11
  6462 | D:5      | Entered Level 5 of the Dungeon
  7235 | D:5      | Reached XP level 8. HP: 43/50 MP: 8/12
  7301 | D:5      | Got a coiled ivory ring
  7303 | D:5      | Identified the ring of Ypsod {Fire *Corrode rElec Str+7
                  | Dex+2} (You found it on level 5 of the Dungeon)
  7973 | D:6      | Found a glowing golden altar of the Shining One.
  7976 | D:6      | Found a white marble altar of Elyvilon.
  7979 | D:6      | Found a blossoming altar of Fedhas.
  8211 | D:6      | Found a glowing drain.
  8215 | Sewer    | Entered a sewer
  9283 | D:6      | Reached skill level 1 in Hexes
  9500 | D:7      | Learned a level 4 spell: Fulminant Prism
  9514 | D:7      | Noticed a two-headed ogre
  9587 | D:7      | Found a staircase to the Ecumenical Temple.
  9603 | Temple   | Entered the Ecumenical Temple
  9643 | Temple   | Became a worshipper of Ru the Awakened
  9801 | D:7      | Found an ancient bone altar of Kikubaaqudgha.
  9805 | D:7      | Found a shimmering altar of Xom.
 10041 | D:7      | Reached XP level 9. HP: 53/56 MP: 5/15
 10755 | D:8      | Reached skill level 10 in Conjurations
 11330 | D:8      | Reached skill level 5 in Dodging
 11334 | D:8      | HP: 2/58 [killer bee (8)]
 11654 | D:8      | Gained mutation: You are somewhat inexperienced. (-2 XL)
                  | [Ru sacrifice]
 11654 | D:8      | Reached XP level 8. HP: 54/54 MP: 10/14
 11654 | D:8      | Reached XP level 7. HP: 48/48 MP: 10/13
 11654 | D:8      | Reached * piety under Ru
 11654 | D:8      | Reached ** piety under Ru
 11692 | D:8      | Noticed Erica
 11788 | D:8      | Found an iron altar of Okawaru.
 11789 | D:8      | Noticed a human
 11789 | D:8      | Noticed a human
 11801 | D:8      | Killed a human
 11801 | D:8      | Reached XP level 8. HP: 11/54 MP: 4/14
 11861 | D:8      | Reached skill level 5 in Spellcasting
 12029 | D:8      | Found an iron altar of Okawaru.
 12271 | D:9      | Noticed a troll
 12780 | D:8      | Killed a troll
 13200 | D:8      | Found an iron altar of Okawaru.
 13268 | D:8      | Found an iron altar of Okawaru.
 13491 | D:9      | Reached skill level 5 in Fighting
 13531 | D:9      | Reached XP level 9. HP: 57/61 MP: 16/16
 13543 | D:9      | Learned a level 3 spell: Conjure Flame
 13787 | D:9      | Found a runed translucent gate.
 13787 | D:9      | Found a runed translucent gate.
 13789 | D:9      | Found a runed translucent gate.
 13789 | D:9      | Noticed a kobold demonologist
 13789 | D:9      | Noticed a queen bee
 14660 | D:9      | Found a staircase to the Lair.
 15212 | D:9      | Killed a queen bee
 15452 | D:9      | Found a staircase to the Orcish Mines.
 15674 | D:9      | Reached XP level 10. HP: 43/68 MP: 7/17
 15959 | D:9      | Noticed tabo's ghost (amateur HOMo)
 15960 | D:9      | Identified the +9 whip of Departure {drain, +Inv rPois
                  | rF+++ Str-3}
 16227 | D:9      | Found Xepeci's Magic Scroll Shoppe.
 16235 | D:9      | Bought a scroll of fear for 35 gold pieces
 16373 | Lair:1   | Entered Level 1 of the Lair of Beasts
 17104 | Lair:1   | Gained mutation: You cannot be stealthy. [Ru sacrifice]
 17104 | Lair:1   | Reached *** piety under Ru
 17413 | Lair:1   | Noticed an oklob plant
 17519 | Lair:1   | Noticed an oklob plant
 17808 | Lair:1   | Paralysed by a floating eye for 2 turns
 17861 | Lair:1   | Noticed an oklob plant
 18258 | Lair:2   | Noticed a queen ant
 18304 | Lair:1   | Killed a queen ant
 18996 | Lair:2   | Reached XP level 11. HP: 62/72 MP: 15/18
 19291 | Lair:2   | Reached skill level 5 in Hexes
 20033 | Lair:1   | Learned a level 4 spell: Summon Lightning Spire
 20171 | Lair:2   | Reached skill level 1 in Summonings
 20171 | Lair:2   | Reached skill level 1 in Air Magic
 20699 | Lair:2   | Noticed Harold
 20712 | Lair:2   | Noticed Nergalle
 20747 | Lair:2   | Killed Harold
 20753 | Lair:2   | Killed Nergalle
 21798 | Lair:3   | Reached XP level 12. HP: 72/81 MP: 11/21
 22005 | Lair:3   | Gained mutation: You cannot drink potions while threatened.
                  | [Ru sacrifice]
 22005 | Lair:3   | Reached **** piety under Ru
 22241 | Lair:3   | Reached skill level 5 in Evocations
 22839 | Lair:3   | Found a hole to the Spider Nest.
 23090 | Lair:3   | Reached skill level 10 in Dodging
 24594 | Lair:4   | Learned a level 5 spell: Bolt of Draining
 24660 | Lair:4   | Found a staircase to the Swamp.
 24726 | Lair:4   | Reached skill level 1 in Necromancy
 25428 | Lair:5   | Noticed a catoblepas
 25628 | Lair:5   | Killed a catoblepas
 25788 | Lair:5   | Gained mutation: You are sensitive to extremes of
                  | temperature. (rF-, rC-) [Ru sacrifice]
 25788 | Lair:5   | Reached ***** piety under Ru
 25788 | Lair:5   | Reached ****** piety under Ru
 26087 | Lair:5   | Reached skill level 5 in Necromancy
 26403 | Lair:5   | Reached XP level 13. HP: 50/86 MP: 7/23
 26596 | Lair:5   | Found a staircase to the Slime Pits.
 26846 | Lair:6   | Entered Level 6 of the Lair of Beasts
 27515 | Lair:6   | Found a dark tunnel.
 28824 | Lair:6   | Reached skill level 10 in Necromancy
 28949 | Lair:6   | Learned a level 4 spell: Animate Dead
 29116 | Lair:6   | Noticed a dire elephant
 29141 | Lair:6   | Killed a dire elephant
 29635 | Lair:6   | Found a burning altar of Makhleb.
 30444 | Lair:6   | Found a gateway to Hell.
 30619 | Lair:6   | Upgraded the game from 0.24-a0-536-gdd4cf15266 to
                  | 0.24-a0-537-g2d01d4ab0a
 30626 | Lair:6   | Learned a level 5 spell: Borgnjor's Vile Clutch
 30783 | D:10     | Entered Level 10 of the Dungeon
 30970 | D:10     | Reached skill level 1 in Earth Magic
 31090 | D:10     | Noticed Joseph
 31326 | D:10     | Killed Joseph
 31326 | D:10     | Reached XP level 14. HP: 75/92 MP: 2/26
 32449 | D:10     | Learned a level 2 spell: Blink
 32738 | D:11     | Noticed Maurice
 32747 | D:11     | Killed Maurice
 33012 | D:11     | Found Siaziza's Antique Armour Shoppe.
 34994 | D:13     | Reached skill level 1 in Polearms
 35091 | D:13     | Noticed Urug
 35121 | D:13     | Killed Urug
 35730 | D:13     | Found a large runed translucent door.
 35730 | D:13     | Found a large runed translucent door.
 35751 | D:13     | Noticed TheNamelessOne's ghost (journeyman OpEE)
 36398 | D:14     | Found a gate to the Vaults.
 36403 | D:14     | Reached skill level 5 in Polearms
 36482 | D:13     | Reached skill level 10 in Spellcasting
 36753 | D:14     | Reached skill level 1 in Shields
 36952 | D:15     | Entered Level 15 of the Dungeon
 37005 | D:15     | Reached XP level 15. HP: 74/97 MP: 9/29
 38527 | D:15     | Found a staircase to the Depths.
 39123 | Orc:1    | Entered Level 1 of the Orcish Mines
 39142 | Orc:1    | Noticed Sonja
 39152 | Orc:1    | Killed Sonja
 39449 | Orc:1    | Found a roughly hewn altar of Beogh.
 39533 | Orc:1    | Learned a level 1 spell: Summon Butterflies
 40007 | Orc:2    | Entered Level 2 of the Orcish Mines
 40192 | Orc:2    | Noticed an orc warlord
 40324 | Orc:2    | Killed an orc warlord
 40421 | Orc:2    | Found a runed translucent door.
 40421 | Orc:2    | Found a shimmering altar of Xom.
 40421 | Orc:2    | Noticed Torikoriko's ghost (journeyman TrHu)
 40450 | Orc:2    | Found a staircase to the Elven Halls.
 40521 | Orc:2    | Found a roughly hewn altar of Beogh.
 40759 | Orc:2    | Noticed an orc warlord
 40916 | Orc:2    | Killed an orc warlord
 41105 | Orc:2    | Reached skill level 10 in Fighting
 41990 | Orc:2    | Found Nemefous's General Store.
 42000 | Orc:2    | Found Solanomm's Book Emporium.
 42002 | Orc:2    | Found Juxtukal's Antique Armour Emporium.
 42002 | Orc:2    | Found Pyituxof's Antique Weapon Shoppe.
 42007 | Orc:2    | Bought a potion of mutation for 112 gold pieces
 42285 | Swamp:1  | Entered Level 1 of the Swamp
 43393 | Swamp:2  | Reached XP level 16. HP: 94/111 MP: 14/30
 43567 | Swamp:2  | Reached skill level 5 in Shields
 43808 | Swamp:2  | Noticed Donald
 44247 | Swamp:1  | Killed Donald
 44525 | Swamp:2  | Reached skill level 5 in Earth Magic
 46373 | Swamp:2  | Identified a scroll of acquirement
 47631 | Swamp:3  | Learned a level 6 spell: Invisibility
 47701 | Swamp:4  | Entered Level 4 of the Swamp
 47790 | Swamp:4  | Noticed a thorn hunter
 48693 | Swamp:4  | Noticed a thorn hunter
 48714 | Swamp:4  | Killed a thorn hunter
 48726 | Swamp:4  | HP: 3/112 [seven-headed hydra (8)]
 48726 | Swamp:4  | Slain by a seven-headed hydra

Levels and vault maps discovered:
D:1:      giann_horns, layout_loops_ring
D:2:      layout_loops_cross, grunt_dithmenos_smoke_and_mirrors,
          makhleb_altar_promises_db
D:3:      layout_basic, serial_bayou_crossing
D:4:      layout_loops_corners
D:5:      layout_basic, first_ration
D:6:      layout_cave_pools, grunt_temple_overflow_diamond,
          gup_sewer_entry_spiral
D:7:      layout_loops_cross, minitemple, minmay_temple_entry_mist
D:8:      layout_basic, gammafunk_temple_overflow_elements, okawaru_humans,
          basic_altar, uniq_erica
D:9:      layout_rooms, erik_lair_island, david_orc_3,
          gammafunk_ghost_nasty_kobolds, serial_shops, shop, david_nohive_1
D:10:     layout_cave_pods, uniq_joseph
D:11:     layout_irregular_city, serial_shops, shop, st_stairs_8, uniq_maurice
D:12:     layout_cave_pools, water_maze_lemuel
D:13:     layout_roguey, ebering_ghost_disaster_area, uniq_urug
D:14:     layout_rooms, erik_vaults_2, minmay_misc_feat_square,
          chequers_serial_rivers_micro_d, minmay_splitting_lines
D:15:     grunt_enter_depths_hoard, layout_irregular_city, eino_tiny_chamber,
          hangedman_aviary
Temple:   cyrus_circular_temple
Lair:1:   layout_loops_ring, st_stairs_4, disabler_island
Lair:2:   layout_roguey, minmay_another_anthill, lemuel_fruit_fields,
          uniq_harold, uniq_nergalle
Lair:3:   layout_misc_corridors, spider_nest_entry_funnel_web
Lair:4:   layout_hall_layers, skrybe_swamp_entry_bodies
Lair:5:   layout_regular_city, minmay_slime_entry_jelly_boxes, minivault_23
Lair:6:   evil_forest, layout_hall_layers, enter_volcano_2
Swamp:1:  layout_basic_swamp, evilmike_swamp_ruin_house_5
Swamp:2:  layout_falls_marsh, evilmike_swamp_ruin_rubble_1, uniq_donald
Swamp:3:  layout_basic_swamp, evilmike_swamp_ruin_house_3, swamp_pool5
Swamp:4:  swamp_old_school, layout_basic_swamp, swamp_pool2
Orc:1:    layout_caves, basic_altar, nicolae_orc_flooded_monolith, uniq_sonja
Orc:2:    st_orc_congregation, layout_diamond_mine, basic_altar,
          ebering_ghost_xom

Skill      XL: |  1  2  3  4  5  6  7  8  9 10 11 12 13 14 15 16 |
---------------+-------------------------------------------------+-----
Stealth        | 3 4 5 0 |  0.0
Fighting       | 1 2 5 4 6 7 10 11 | 11.0
Conjurations   | 5 7 8 9 11 12 | 12.0
Spellcasting   | 3 5 6 7 8 10 | 10.0
Evocations     | 1 3 5 |  5.0
Dodging        | 6 7 5 9 11 12 | 12.8
Hexes          | 2 4 5 6 |  6.5
Summonings     | 3 4 |  4.0
Air Magic      | 3 4 |  4.0
Necromancy     | 5 10 12 | 12.0
Earth Magic    | 1 3 4 6 |  6.0
Polearms       | 5 8 |  8.0
Shields        | 1 4 6 |  6.8

Action                   |  1- 3 |  4- 6 |  7- 9 | 10-12 | 13-15 | 16-18 || total
-------------------------+-------+-------+-------+-------+-------+-------++-------
Melee: Unarmed           |    16 |       |       |       |       |       ||    16
       Constrict         |     3 |     7 |    48 |    52 |    87 |    21 ||   218
       Tentacles         |     1 |     8 |    28 |    46 |   127 |    39 ||   249
       Dagger            |       |    24 |       |       |       |       ||    24
       Flail             |       |    18 |   167 |   211 |    66 |       ||   462
       Demon trident     |       |       |       |       |   731 |   245 ||   976
Throw: Dart              |       |       |     1 |     5 |       |       ||     6
 Cast: Magic Dart        |    77 |   101 |   272 |   161 |    34 |       ||   645
       Searing Ray       |     2 |     8 |    21 |     8 |       |       ||    39
       Dazzling Spray    |       |     5 |    23 |    11 |       |       ||    39
       Fulminant Prism   |       |       |    19 |    37 |     4 |       ||    60
       Iskenderun's Myst |       |       |    11 |    25 |     8 |       ||    44
       Conjure Flame     |       |       |     4 |    35 |    19 |       ||    58
       Summon Lightning  |       |       |       |     5 |    98 |    33 ||   136
       Bolt of Draining  |       |       |       |    23 |   211 |    79 ||   313
       Borgnjor's Vile C |       |       |       |       |    54 |    21 ||    75
       Animate Dead      |       |       |       |       |    20 |    11 ||    31
       Blink             |       |       |       |       |    10 |     7 ||    17
       Invisibility      |       |       |       |       |       |     2 ||     2
Invok: Sacrifice Experie |       |       |     1 |       |       |       ||     1
       Sacrifice Stealth |       |       |       |     1 |       |       ||     1
       Draw Out Power    |       |       |       |     6 |    15 |     4 ||    25
       Power Leap        |       |       |       |     5 |    22 |     5 ||    32
       Apocalypse        |       |       |       |     1 |     4 |     6 ||    11
       Sacrifice Drink   |       |       |       |     1 |       |       ||     1
       Sacrifice Resista |       |       |       |     1 |       |       ||     1
 Abil: Evoke Berserk Rag |     1 |       |     1 |       |       |       ||     2
Evoke: Wand              |       |     2 |     6 |     9 |    11 |     7 ||    35
  Use: Scroll            |       |     8 |     9 |     7 |    13 |    12 ||    49
       Potion            |       |       |     5 |       |     1 |     5 ||    11
 Stab: Sleeping          |       |     3 |     9 |       |       |       ||    12
       Invisible         |       |       |     4 |     1 |    13 |     1 ||    19
       Distracted        |       |       |     1 |     2 |    15 |     2 ||    20
       Petrified         |       |       |       |     7 |       |       ||     7
       Paralysed         |       |       |       |     3 |    21 |    17 ||    41
  Eat: Chunk             |     5 |    12 |    29 |    40 |    98 |    14 ||   198
       Ration            |       |       |     3 |     2 |     7 |     7 ||    19
Armor: Skin              |     3 |     3 |    14 |     6 |    11 |     4 ||    41
Dodge: Dodged            |    24 |    46 |   317 |   273 |   560 |   207 ||  1427
Block: Buckler           |       |       |       |       |       |    46 ||    46
       Shield            |       |       |       |       |       |    27 ||    27
       Reflection        |       |       |       |       |       |     1 ||     1

Table legend:
 A = Non-vault XP
 B = Vault XP
 C = Vault XP percentage of total XP
 D = Non-vault monster count
 E = Vault monster count
 F = Vault count percentage of total count
                 A         B        C        D         E       F
            +---------+---------+-------+---------+---------+-------
      Total |  125957 |   51292 |  28.9 |     719 |     258 |  26.4
            +---------+---------+-------+---------+---------+-------
        D:1 |      41 |       0 |   0.0 |      25 |       0 |   0.0
        D:2 |      89 |       0 |   0.0 |      25 |       0 |   0.0
        D:3 |     315 |       0 |   0.0 |      29 |       0 |   0.0
        D:4 |     444 |       0 |   0.0 |      18 |       0 |   0.0
        D:5 |     467 |       0 |   0.0 |      26 |       0 |   0.0
        D:6 |     357 |      26 |   6.8 |       8 |       7 |  46.7
        D:7 |     521 |       0 |   0.0 |      14 |       0 |   0.0
        D:8 |    1799 |    1402 |  43.8 |      31 |      13 |  29.5
        D:9 |    1240 |    1213 |  49.4 |      22 |      18 |  45.0
       D:10 |    4020 |     445 |  10.0 |      45 |       1 |   2.2
       D:11 |    3356 |     325 |   8.8 |      18 |       1 |   5.3
       D:12 |    6771 |       0 |   0.0 |      41 |       0 |   0.0
       D:13 |    6057 |    1707 |  22.0 |      35 |       2 |   5.4
       D:14 |    6249 |    4479 |  41.8 |      19 |       5 |  20.8
       D:15 |   11280 |    6455 |  36.4 |      38 |       9 |  19.1
     Lair:1 |    2345 |    1736 |  42.5 |      11 |      11 |  50.0
     Lair:2 |    5345 |    3058 |  36.4 |      25 |      22 |  46.8
     Lair:3 |    3860 |    1201 |  23.7 |      16 |       4 |  20.0
     Lair:4 |    5713 |     274 |   4.6 |      25 |       1 |   3.8
     Lair:5 |    4986 |    1011 |  16.9 |      20 |      15 |  42.9
     Lair:6 |    9726 |    8326 |  46.1 |      32 |      24 |  42.9
    Swamp:1 |    7572 |    1855 |  19.7 |      26 |       1 |   3.7
    Swamp:2 |   11243 |       0 |   0.0 |      36 |       0 |   0.0
    Swamp:3 |   18775 |       0 |   0.0 |      52 |       0 |   0.0
    Swamp:4 |    6905 |    5783 |  45.6 |      24 |       8 |  25.0
      Orc:1 |    2396 |     795 |  24.9 |      23 |       1 |   4.2
      Orc:2 |    4085 |   10831 |  72.6 |      35 |      67 |  65.7
      Sewer |       0 |     370 | 100.0 |       0 |      48 | 100.0
            +---------+---------+-------+---------+---------+-------
